AoeStats
← mrfeast

Socotra

505163816Analyzed
2v2 RM · 24d ago on Sep 8, 2026· 38m 36s· 4 players
Game mode
Random Map
Map size
Tiny (2 player)
Population
200
Speed
Normal
Resources
Standard
Victory
Conquest
Starting age
Dark Age
Ending age
Imperial Age
RankedLock teamsTeams togetherTeam positionsShared explorationLock speedFull tech treeHidden civsTurbo modeCheats
Victory
Defeat
🇨🇴 Persians · Colombia
1053
+16
🇨🇴 Bulgarians · Colombia
1053
+16
🇨🇦 Maya · Canada
1093
-18
🇨🇦 Burgundians · Canada
1000
-43
mrfeast
5:07 Loom
11:10 Feudal Age
11:42 Gold Mining
13:03 Double-Bit Axe
12:42 Man-at-Arms
17:41 Scale Mail Armor
20:45 Double-Bit Axe
21:58 Forging
22:34 Horse Collar
27:17 Castle Age
26:05 Fletching
HIM
4:42 Loom
10:21 Double-Bit Axe
30:23 Feudal Age
35:30 Man-at-Arms
mac3201
1:41 Loom
33:07 Feudal Age
33:28 Double-Bit Axe
34:05 Horse Collar
37:59 Stone Mining
carlosed93
9:07 Loom
11:18 Feudal Age
19:20 Double-Bit Axe
24:16 Castle Age
23:16 Scale Mail Armor
38:23 Forging
Connection lost

Rejoining the realm…

Still unreachable

The connection could not be restored.

Session expired

The server has moved on; the page needs a fresh start.